 Dungeon Crawl Stone Soup version 0.31.0-9-g3a7656b989 (webtiles) character file.

Game seed: 5061923579129058077

1723676 Daunt the End of an Era (level 27, 286/286 HPs)
             Began as an Oni Fighter on Jan 24, 2024.
             Was the Champion of Qazlal.
             Escaped with the Orb
             ... and 3 runes on Jan 25, 2024!
             The game lasted 07:13:55 (66749 turns).

Daunt the End of an Era (Oni Fighter)              Turns: 66749, Time: 07:13:55

Health: 286/286    AC: 45    Str: 32 (34) XL:     27
Magic:  40/40      EV: 19    Int: 18      God:    Qazlal [******]
Gold:   1470       SH:  8    Dex: 10      Spells: 28/49 levels left

rFire   + . .        a - +9 giant spiked club (freeze)
rCold   . . .        (shield currently unavailable)
rNeg    + . .        D - +12 gold dragon scales
rPois   +            u - +2 hat {Int+3}
rElec   .            P - +4 dragonskin cloak
rCorr   +            (gloves unavailable)
SInv    .            (boots unavailable)
Will    +++..        E - amulet "Kenaeta" {Regen+ Int+2 Dex+2} Stlth
                     d - ring of the Turtledove {rN+ Will+ rCorr AC+4 Stlth-}
HPRegen 1.47/turn    Z - ring of the Hare {EV+10}
MPRegen 0.27/turn

%: repel missiles
@: studying 2 skills
A: large, unfitting armour, horns 1, tough skin 1, double potion healing,
drunken brawling, deterioration 1, frail 1, cold vulnerability 1
0: Orb of Zot
}: 3/15 runes: barnacled, silver, gossamer
a: Renounce Religion, Upheaval, Elemental Force, Disaster Area


You escaped.
You worshipped Qazlal.
Qazlal was exalted by your worship.
You visited 13 branches of the dungeon, and saw 53 of its levels.
You visited 1 bazaar.
You visited 1 ziggurat, and saw 10 of its levels.
You also visited: Ossuary.

You collected 9336 gold pieces.
You spent 7866 gold pieces at shops.

Inventory:

Hand Weapons
 a - a +9 giant spiked club of freezing (weapon)
Missiles
 f - 45 boomerangs
 i - 4 silver javelins
 j - 78 poisoned darts
 t - 127 large rocks (quivered)
 G - 5 darts of dispersal
 H - 12 atropa-tipped darts
 K - a curare-tipped dart
 S - 9 throwing nets
 V - 18 javelins
Armour
 b - the +9 scales of the Dragon King {rPois rF+ rC+ Will+}
   (You found it on level 4 of a ziggurat)

   rF+:       It protects you from fire.
   rC+:       It protects you from cold.
   rPois:     It protects you from poison Will+: It increases your willpower.
 u - a +2 hat of intelligence (worn)
 D - +12 gold dragon scales (worn)
 P - the +4 dragonskin cloak (worn)
   (You took it off Tiamat on level 1 of the Realm of Zot)

   Avatar's Aegis: It grants the wearer a chance to resist fire, cold, poison,
   electricity, acid, and negative energy.
Jewellery
 d - the ring of the Turtledove (left hand) {rN+ Will+ rCorr AC+4 Stlth-}
   (You bought it in a shop on level 2 of the Depths)

   [ring of protection]

   AC+4:      It affects your AC (+4).
   rN+:       It protects you from negative energy.
   Will+:     It increases your willpower.
   rCorr:     It protects you from acid and corrosion.
   Stlth-:    It makes you less stealthy.
 g - the amulet "Yplefaf" {RegenMP rElec Regen+}
   (You found it on level 6 of a ziggurat)

   [amulet of magic regeneration]

   RegenMP:   It increases your rate of magic regeneration.
   rElec:     It insulates you from electricity.
   Regen+:    It increases your rate of health regeneration.
 C - a ring of protection from cold
 E - the amulet "Kenaeta" (around neck) {Regen+ Int+2 Dex+2}
   (You bought it in a shop on level 2 of the Depths)

   [amulet of regeneration]

   Int+2:     It affects your intelligence (+2).
   Dex+2:     It affects your dexterity (+2).
   Regen+:    It increases your rate of health regeneration.
 F - a ring of protection from fire
 I - a ring of see invisible
 M - the ring of Kidefaga {rElec rN+ Will+ Int-2}
   (You found it on level 3 of the Crypt)

   [ring of positive energy]

   Int-2:     It affects your intelligence (-2).
   rElec:     It insulates you from electricity.
   rN+:       It protects you from negative energy.
   Will+:     It increases your willpower.
 O - a ring of flight
 Z - the ring of the Hare (right hand) {EV+10}
   (You found it on level 3 of the Spider Nest)

   [ring of evasion]

   EV+10:     It affects your evasion (+10).
Wands
 l - a wand of digging (22)
 y - a wand of roots (38)
Scrolls
 e - 25 scrolls of teleportation
 h - 6 scrolls of fear
 m - 2 scrolls of revelation
 n - 8 scrolls of silence
 r - 16 scrolls of immolation
 v - 10 scrolls of poison
 x - 7 scrolls of fog
 R - 2 scrolls of enchant armour
 U - 6 scrolls of butterflies
 X - 6 scrolls of blinking
Potions
 k - 13 potions of enlightenment
 o - 6 potions of magic
 p - 13 potions of mutation
 s - 7 potions of heal wounds
 w - 3 potions of berserk rage
 z - 11 potions of invisibility
 A - 26 potions of curing
 B - 2 potions of haste
 J - 7 potions of ambrosia
 L - 3 potions of might
 N - 5 potions of resistance
 Q - 8 potions of lignification
 T - 9 potions of cancellation
 Y - 8 potions of attraction
Miscellaneous
 c - a phantom mirror
 q - a phial of floods


   Skills:
 - Level 26.0 Fighting
 - Level 22.0 Maces & Flails
 - Level 15.4 Throwing
 - Level 15.5 Armour
 - Level 16.5 Dodging
 - Level 2.6 Shields
 + Level 11.8 Spellcasting
 - Level 15.0 Translocations
 - Level 11.0 Earth Magic
 O Level 27 Invocations
 - Level 2.0 Evocations


You had 28 spell levels left.
You knew the following spells:

 Your Spells              Type           Power      Damage    Failure   Level
b - Blink                 Tloc           100%       N/A       1%          2
d - Dispersal             Tloc           29%        N/A       28%         6
g - Passage of Golubria   Tloc           59%        N/A       1%          4
l - Lesser Beckoning      Tloc           100%       N/A       1%          2
m - Manifold Assault      Tloc           59%        N/A       1%          4
p - Passwall              Erth           50%        N/A       2%          3

Your spell library contained the following spells:

 Spells                   Type           Power      Damage    Failure   Level
 Apportation              Tloc           100%       N/A       1%          1
 Sandblast                Erth           100%       2d20      1%          1
 Gell's Gravitas          Tloc           59%        N/A       1%          3
 Teleport Other           Tloc           59%        N/A       1%          3
 Momentum Strike          Conj/Tloc      74%        3d10      6%          2
 Volatile Blastmotes      Fire/Tloc      74%        2d16      12%         3
 Stone Arrow              Conj/Erth      60%        3d10      26%         3
 Vhi's Electric Charge    Tloc/Air       74%        N/A       36%         4
 Foxfire                  Conj/Fire      40%        2x1d6     65%         1
 Freeze                   Ice            40%        1d6       65%         1
 Magic Dart               Conj           40%        1d5       65%         1
 Necrotise                Necr           40%        1d6       65%         1
 Sting                    Conj/Alch      40%        1d5       65%         1
 Summon Small Mammal      Summ           40%        N/A       65%         1
 Brom's Barrelling Bould  Conj/Erth      30%        2d5       65%         4
 Summon Forest            Summ/Tloc      18%        N/A       73%         5
 Call Imp                 Summ           20%        N/A       78%         2
 Cigotuvi's Dreadful Rot  Necr/Alch/Air  20%        N/A       78%         2
 Jinxbite                 Hex            20%        N/A       78%         2
 Mercury Vapours          Alch/Air       20%        N/A       78%         2
 Searing Ray              Conj           20%        2d5       78%         2
 Static Discharge         Conj/Air       20%        3-4/arc   78%         2
 Sublimation of Blood     Necr           10%        N/A       78%         2
 Borgnjor's Vile Clutch   Necr/Erth      15%        N/A       94%         5
 Dazzling Flash           Conj/Hex       20%        N/A       95%         3
 Frozen Ramparts          Ice            20%        1d4       95%         3
 Fugue of the Fallen      Necr           10%        N/A       95%         3
 Hailstorm                Conj/Ice       10%        3d6       95%         3
 Inner Flame              Hex/Fire       10%        N/A       95%         3
 Mephitic Cloud           Conj/Alch/Air  10%        N/A       95%         3
 Ozocubu's Armour         Ice            10%        N/A       95%         3
 Summon Ice Beast         Ice/Summ       10%        N/A       95%         3
 Tukima's Dance           Hex            10%        N/A       95%         3
 Vampiric Draining        Necr           10%        2d6       95%         3
 Airstrike                Air            5%         2d(1-17)  100%        4
 Cause Fear               Hex            5%         N/A       100%        4
 Dispel Undead            Necr           10%        3d9       100%        4
 Flame Wave               Conj/Fire      10%        2d6       100%        4
 Fulminant Prism          Conj/Alch      5%         3d6       100%        4
 Martyr's Knell           Necr/Summ      10%        N/A       100%        4
 Olgreb's Toxic Radiance  Alch           10%        N/A       100%        4
 Summon Blazeheart Golem  Fire/Summ      10%        N/A       100%        4
 Summon Lightning Spire   Summ/Air       10%        N/A       100%        4
 Alistair's Intoxication  Alch           6%         N/A       100%        5
 Arcjolt                  Conj/Air       5%         1d15      100%        5
 Curse of Agony           Necr           10%        N/A       100%        5
 Fireball                 Conj/Fire      5%         3d5       100%        5
 Freezing Cloud           Conj/Ice/Air   5%         6-21      100%        5
 Metabolic Englaciation   Hex/Ice        5%         N/A       100%        5
 Silence                  Hex/Air        5%         N/A       100%        5
 Summon Mana Viper        Hex/Summ       10%        N/A       100%        5
 Yara's Violent Unravell  Hex/Alch       5%         3d4       100%        5
 Conjure Ball Lightning   Conj/Air       5%         3x3d6     100%        6
 Death Channel            Necr           5%         N/A       100%        6
 Eringya's Noxious Bog    Alch           5%         4d6       100%        6
 Plasma Beam              Fire/Air       5%         2x1d15    100%        6
 Sculpt Simulacrum        Ice/Alch       5%         N/A       100%        6
 Starburst                Conj/Fire      5%         6d4       100%        6
 Summon Cactus Giant      Summ           5%         N/A       100%        6
 Haunt                    Necr/Summ      5%         N/A       100%        7
 Orb of Destruction       Conj           5%         9d5       100%        7
 Ozocubu's Refrigeration  Ice            5%         4d8       100%        7
 Spellforged Servitor     Conj/Summ      5%         N/A       100%        7
 Summon Hydra             Summ           5%         N/A       100%        7
 Discord                  Hex            5%         N/A       100%        8
 Disjunction              Tloc           29%        N/A       100%        8
 Maxwell's Capacitive Co  Air            5%         ∞         100%        8
 Death's Door             Necr           5%         N/A       100%        9
 Dragon's Call            Summ           5%         N/A       100%        9


Dungeon Overview and Level Annotations

Branches:
Dungeon (15/15)            Temple (1/1) D:5            Lair (5/5) D:8
 Shoals (4/4) Lair:2       Spider (4/4) Lair:2        Slime (1/5) Lair:4
    Orc (2/2) D:12            Elf (3/3) Orc:2        Vaults (5/5) D:14
  Crypt (3/3) Vaults:2       Tomb (0/3) Crypt:3      Depths (4/4) D:15
   Hell (visited)             Zot (5/5) Depths:4    Ossuary (visited)
    Dis: Hell:1         Geh: Hell:1         Coc: Hell:1         Tar: Hell:1

Altars:
Ashenzari
Cheibriados
Dithmenos
Elyvilon
Fedhas
Gozag
Hepliaklqana
Kikubaaqudgha
Makhleb
Nemelex Xobeh
Okawaru
Qazlal
Ru
Sif Muna
Trog
Uskayaw
Vehumet
Wu Jian
Xom
Yredelemnul
Zin
The Shining One
Jiyva
Lugonu

Shops:
D:5 **   D:8 *   D:11 [   D:12 :   Orc:2 ![*[   Vaults:3 *   Vaults:4 (
Vaults:5 *:   Depths:2 =::   Depths:4 **

Portals:
Hell: Depths:1 Depths:2 Depths:3 Depths:4
Abyss: Lair:5 Depths:1 Depths:3 Depths:4
Pandemonium: Depths:2

Annotations:
Temple 2 transporters
Depths:1 hell
Depths:2 1 transporter, 1 runed translucent door
Hell Geryon


Innate Abilities, Weirdness & Mutations

You are too large for most types of armour.
You have a pair of small horns on your head.
You have tough skin. (AC +1)
You gain doubled healing and magic from potions.
Whenever you drink a healing potion, you attack all around you.
Your body sometimes deteriorates upon taking damage.
You are frail. (-10% HP)
You are vulnerable to cold. (rC-)


Message History

The Ice Fiend gestures at you.
The bolt of cold is repelled.
You beat the Ice Fiend like a drum!!!!
You kill the Ice Fiend!
Qazlal accepts your kill.
There is a stone staircase leading up, spattered with blood here.
You climb upwards.
Your protection from cold is fading.
There is a stone staircase leading down, spattered with blood here.
You see here a +0 spear.
You see here a +0 spear.
Things that are here:
a +0 whip; a +0 whip
There is a stone staircase leading up here.
You climb upwards.
There is a stone staircase leading down here.
An Orb Guardian comes into view.
You barely miss the Orb Guardian.
The Orb Guardian hits you but does no damage.
You spit the Orb Guardian like a pig!!! You freeze the Orb Guardian!!
You headbutt the Orb Guardian!
The Orb Guardian is almost dead.
The Orb Guardian completely misses you.
You puncture the Orb Guardian! You freeze the Orb Guardian.
You kill the Orb Guardian!
Qazlal accepts your kill.
No target in view!
HP restored.
There is a stone staircase leading up here.
You climb upwards.
There is a stone staircase leading down here.
There is a stone staircase leading up here.
You climb upwards.
There is a stone staircase leading down here.
There is a stone staircase leading up here.
You climb upwards.
There is a stone staircase leading down here.
There is a staircase leading out of the dungeon here.
You can't go down here!
You have escaped!

####### #.....# #.....# #####
#.....# #..†########.....#
#'#.....##.......# #
#.#####.#..#.....# #
#....@#.÷)##)....# ######
#>#######........#
.....#############...##.....#
####......................###
# #........######.#####..# #
#)....#### ##..# #.## #
#.....# #..## #.# #.....#
#.## #.# #.....# ##.# ##.#


There were no monsters in sight!

Vanquished Creatures
  8 dread liches
  2 orbs of fire (Zot:5)
  Tiamat (Zot:1)
  2 ancient liches
  A juggernaut (Depths:2)
  9 Killer Klowns
  Josephina (Crypt:1)
  Vv (Zot:2)
  Bai Suzhen (Elf:3)
  Parghit (Zot:2)
  6 curse toes
  10 caustic shrikes
  12 golden dragons
  2 profane servitors (Depths:1)
  2 bone dragons
  Jory (Crypt:1)
  2 electric golems (Zot:5)
  11 tentacled monstrosities
  A walking crystal tome (Depths:3)
  6 liches
  28 Orb Guardians
  The ghost of Moagi the Champion of Chaos, an adept GnSk of Makhleb (Vaults:2)
  An Ice Fiend (D:6)
  3 deep elf blademasters
  10 quicksilver dragons
  5 titans
  Asterion (Elf:2)
  7 sphinxes
  Murray (Depths:4)
  4 ancient champions
  5 deep elf master archers
  7 death cobs
  An acid blob (Spider:4)
  10 storm dragons
  5 tengu reavers (Vaults:5)
  12 shadow dragons
  3 revenants
  3 protean progenitors
  5 draconian monks
  5 deep elf sorcerers
  13 draconian knights
  5 fire giants
  4 nagarajas (Zig:6)
  10 frost giants
  8 emperor scorpions
  12 ghost moths
  13 draconian shifters
  2 iron dragons (Depths:3)
  A deep elf elementalist (Elf:3)
  10 draconian scorchers
  6 ghouls
  A broodmother (shapeshifter) (Depths:3)
  29 vault wardens
  3 spriggan defenders
  3 draconian stormcallers
  4 formless jellyfish
  17 ironbound preservers
  3 curse skulls
  2 cacodemons
  An orc warlord (Vaults:1)
  17 very ugly things
  A quicksilver ooze (Slime:1)
  2 reapers
  7 draconian annihilators
  A broodmother (Spider:3)
  19 stone giants
  8 ironbound thunderhulks
  7 war gargoyles
  6 vampire knights
  12 deep elf death magi
  3 deep elf demonologists
  10 green draconians
  6 black draconians
  5 deep elf annihilators
  12 red draconians
  18 yellow draconians
  7 white draconians
  7 dire elephants
  8 purple draconians
  10 spark wasps
  A blizzard demon (D:13)
  3 crystal guardians (Crypt:3)
  18 ettins
  4 jiangshi
  4 merfolk javelineers
  2 eidola (Crypt:2)
  24 yaktaur captains
  5 great orbs of eyes
  9 fire dragons
  11 merfolk impalers
  7 deep elf high priests
  9 entropy weavers
  2 hydras
  5 ice dragons
  34 vault guards
  A quicksilver dragon skeleton (Crypt:3)
  An Orb Guardian zombie (Crypt:2)
  5 rakshasas
  A peacekeeper (Vaults:2)
  9 ironbound frosthearts
  19 centaur warriors
  2 death knights (Crypt:2)
  3 two-headed ogres
  4 radroaches
  An alligator snapping turtle (Shoals:1)
  4 jorogumos
  4 merfolk avatars
  3 merfolk aquamancers (Shoals:4)
  A catoblepas (Lair:2)
  A fenstrider witch skeleton (Crypt:1)
  5 tengu warriors
  4 deep troll shamans
  35 dancing weapons
  4 satyrs
  7 boulder beetles
  9 deep troll earth magi
  6 death yaks
  The ghost of SpyderV the Geomancer, a journeyman GrEE of Vehumet (D:10)
  9 demonic crawlers
  2 soul eaters
  A spriggan berserker (Depths:2)
  3 thrashing horrors (Lair:5)
  A naga sharpshooter (Zig:3)
  A titan zombie (Crypt:3)
  5 vampire magi
  16 hell knights
  A sun demon (D:15)
  18 deep elf knights
  A titan skeleton (Crypt:1)
  A shock serpent (shapeshifter) (Depths:3)
  An emperor scorpion zombie (Crypt:3)
  A sixfirhy (D:15)
  2 fire crabs
  2 skysharks (shapeshifter)
  4 skysharks
  A death drake (shapeshifter) (Lair:5)
  A fire crab (shapeshifter) (D:15)
  8 iron trolls
  6 pharaoh ants
  6 arcanists
  A bunyip zombie (Crypt:3)
  A sea snake (shapeshifter) (Vaults:5)
  A glowing orange brain (D:15)
  A golden dragon zombie (Crypt:3)
  2 shadow wraiths (Vaults:5)
  42 deep trolls
  14 sea snakes
  12 skeletal warriors (Crypt:3)
  11 orb spiders
  A naga ritualist (Zig:6)
  A large abomination (Lair:5)
  3 flayed ghosts
  14 phantasmal warriors
  A shadow dragon zombie (Crypt:2)
  A swamp dragon (shapeshifter) (Depths:4)
  2 sun moths
  A kraken simulacrum (Shoals:2)
  17 necromancers
  A deep troll (shapeshifter) (Vaults:5)
  The ghost of shadowrider38 the Cutter, a novice NaSh of Nemelex Xobeh (D:6)
  15 ironbound convokers
  3 bog bodies
  14 deep elf archers
  An iron giant skeleton (Crypt:1)
  5 steelbarb worms
  2 spriggan simulacra (Crypt:1)
  14 lindwurms
  8 harpies
  A harpy (shapeshifter) (Lair:5)
  26 deep elf zephyrmancers
  Pikel (D:8)
  7 orc knights
  An anaconda skeleton (Crypt:3)
  An orb spider (shapeshifter) (Vaults:5)
  A stone giant zombie (Vaults:1)
  25 ugly things
  21 deep elf pyromancers
  A manticore (shapeshifter) (Vaults:5)
  25 wolf spiders
  2 oklob plants
  7 orc sorcerers
  A shadow dragon skeleton (Crypt:3)
  A tengu skeleton (Vaults:1)
  8 cyclopes
  Maurice (D:9)
  8 fauns
  15 manticores
  An iron dragon skeleton (Crypt:3)
  A draconian skeleton (Crypt:3)
  2 stone giant skeletons
  3 centaur zombies
  4 kobold blastminers
  7 water nymphs
  A frost giant skeleton (Crypt:2)
  5 merfolk sirens
  3 meliai (D:15)
  31 moths of wrath
  Joseph (D:8)
  An eleionoma skeleton (Crypt:1)
  A torpor snail (Spider:3)
  An elephant (shapeshifter) (Depths:3)
  An elephant (Lair:2)
  A water nymph (shapeshifter) (Vaults:5)
  An eye of devastation (shapeshifter) (Vaults:5)
  4 black mambas
  2 guardian serpents (Zig:6)
  An emperor scorpion simulacrum (Crypt:1)
  A smoke demon (Lair:5)
  3 gargoyles
  12 vault sentinels
  2 orange demons (D:15)
  An eye of devastation (Zig:2)
  2 kobold demonologists (D:11)
  An alligator snapping turtle zombie (Crypt:3)
  A pale draconian zombie (Crypt:2)
  13 cane toads
  50 yaktaurs
  A rime drake (Lair:5)
  Maggie (D:8)
  11 komodo dragons
  A centaur skeleton (Crypt:3)
  An anaconda simulacrum (Crypt:1)
  2 redback zombies (Crypt:1)
  An efreet (D:15)
  A komodo dragon (shapeshifter) (Vaults:3)
  4 freezing wraiths
  9 tengu conjurers
  5 queen bees
  A pale draconian skeleton (Crypt:1)
  A red draconian skeleton (Crypt:1)
  2 elf skeletons
  Psyche (D:8)
  3 trolls
  30 merfolk
  A death drake zombie (Crypt:1)
  Grinder (D:3)
  3 polar bears
  A raiju (Lair:5)
  A harpy skeleton (D:15)
  14 wind drakes
  A raiju (shapeshifter) (D:13)
  2 wolf spider simulacra (D:15)
  A hellwing (Zot:3)
  34 tarantellas
  6 dream sheep (Lair:5)
  5 hornets
  A hydra skeleton (Crypt:2)
  24 blink frogs
  A jumping spider zombie (Crypt:2)
  A stone giant simulacrum (Vaults:3)
  2 glass eyes
  13 snapping turtles
  A jumping spider (shapeshifter) (Vaults:5)
  15 air elementals
  4 shadows
  50 jumping spiders
  21 culicivoras
  Sigmund (D:3)
  5 wyverns
  42 slime creatures
  2 spriggans
  17 water elementals
  48 yaks
  A vampire (D:10)
  10 wraiths
  An elf zombie (Vaults:3)
  3 fire elementals
  Grum (D:8)
  8 basilisks
  19 humans (D:14)
  4 alligator snapping turtle simulacra (Shoals:2)
  A steam dragon (Lair:4)
  A ynoxinul (Lair:5)
  A yaktaur simulacrum (Vaults:1)
  52 redbacks
  3 sea snake simulacra (Shoals:2)
  3 wargs
  4 vampire mosquitoes (D:13)
  4 chaos spawn (Lair:5)
  Menkaure (D:7)
  2 harpy simulacra (Shoals:2)
  A death yak simulacrum (Shoals:2)
  A naga (Zig:6)
  7 acid dragons (Spider:4)
  18 water moccasins
  4 hell hounds (Zot:3)
  A naga skeleton (Crypt:3)
  37 orc warriors
  2 ice beasts
  2 sky beasts
  A lindwurm zombie (Crypt:2)
  An ettin simulacrum (Vaults:1)
  A black bear (D:7)
  11 ogres
  27 laughing skulls
  4 satyr simulacra (Shoals:2)
  13 wolves
  A manticore skeleton (Crypt:2)
  14 centaurs
  3 boggarts (Vaults:4)
  A lemure (D:8)
  2 phantoms
  4 kobold brigands
  A salamander zombie (Crypt:2)
  11 small abominations (Lair:5)
  18 bullfrogs
  4 faun simulacra (Shoals:2)
  35 scorpions
  2 merfolk simulacra (Shoals:2)
  7 necrophages
  A scorpion (shapeshifter) (D:14)
  A burial acolyte (Ossuary)
  15 wights
  A naga simulacrum (Crypt:1)
  5 water moccasin zombies (Ossuary)
  40 killer bees
  A manticore simulacrum (Shoals:2)
  2 spriggan skeletons
  5 electric eels
  3 howler monkeys
  13 orc priests
  2 jellies
  A bombardier beetle (D:3)
  A hound (D:7)
  2 gnoll boudas
  3 sleepcaps
  2 iguanas
  17 orc wizards
  4 hell rats (Lair:4)
  2 crocodile zombies (Ossuary)
  2 centaur simulacra (Shoals:2)
  A crocodile skeleton (Crypt:2)
  2 mummies (Ossuary)
  16 gnolls
  6 adders
  A river rat (D:6)
  4 shadow imps
  A white imp (D:6)
  5 adder zombies (Ossuary)
  6 dart slugs
  A ribbon worm (D:6)
  73 orcs
  8 endoplasms
  4 giant cockroaches
  8 gnoll zombies (Ossuary)
  7 goblins
  5 hobgoblins
  6 jackals
  3 quokkas
  10 ball pythons
  6 bats
  2 frilled lizards (D:1)
  6 jackal zombies (Ossuary)
  30 kobolds
  3 orc zombies (Ossuary)
  2 rats
  3 aspiring fleshes (Depths:4)
  A butterfly (Lair:3)
  A tentacle (Shoals:2)
2460 creatures vanquished.

Vanquished Creatures (collateral kills)
  An emperor scorpion (Spider:4)
  An ironbound preserver (Vaults:2)
  An ettin (Vaults:2)
  2 deep trolls (Vaults:2)
  A stone giant skeleton (Vaults:2)
  A yaktaur (Vaults:2)
  2 hornets (Spider:4)
  4 slime creatures (Vaults:2)
  A human simulacrum (Vaults:2)
  4 redbacks (Spider:3)
18 creatures vanquished.

Vanquished Creatures (others)
  A sphinx (Vaults:5)
  A deep elf knight (Elf:3)
  4 deep elf zephyrmancers
  A jumping spider (Spider:3)
  A laughing skull (Crypt:3)
  An orc warrior (Zig:9)
  A bullfrog (D:8)
  A butterfly (Depths:3)
  3 tentacles (Shoals:2)
14 creatures vanquished.

Grand Total: 2492 creatures vanquished

Notes
Turn   | Place    | Note
-------+----------+-------------------------------------------
     0 | D:1      | Daunt the Oni Fighter began the quest for the Orb.
     0 | D:1      | Reached XP level 1. HP: 24/24 MP: 1/1
   108 | D:1      | Reached XP level 2. HP: 32/32 MP: 2/2
   418 | D:1      | Reached XP level 3. HP: 39/39 MP: 3/3
   872 | D:1      | Reached XP level 4. HP: 39/48 MP: 4/4
   939 | D:2      | Found a faded altar of an unknown god.
  1093 | D:3      | Noticed Grinder
  1165 | D:2      | Reached skill level 5 in Maces & Flails
  1165 | D:2      | Reached XP level 5. HP: 12/54 MP: 5/5
  2010 | D:3      | Noticed Sigmund
  2347 | D:4      | Reached XP level 6. HP: 62/62 MP: 6/6
  2412 | D:4      | Found a blossoming altar of Fedhas.
  2425 | D:4      | Found an iron altar of Okawaru.
  2538 | D:4      | Reached skill level 5 in Fighting
  2538 | D:4      | Reached XP level 7. HP: 68/72 MP: 7/7
  2970 | D:5      | Entered Level 5 of the Dungeon
  3145 | D:5      | Found Wenke's Assorted Antiques.
  3153 | D:5      | Bought a scroll labelled KAMESTR PITO for 25 gold pieces
  3153 | D:5      | Bought 2 glowing sapphire potions for 45 gold pieces
  3153 | D:5      | Bought a scroll labelled EGRIPHIHER for 25 gold pieces
  3153 | D:5      | Bought a scroll labelled TALIRR YCZA for 25 gold pieces
  3153 | D:5      | Bought a scroll labelled RAT FUSSYGUTOI for 25 gold pieces
  3153 | D:5      | Bought 2 viscous silvery potions for 45 gold pieces
  3781 | D:5      | Found Tieritas's General Store.
  3785 | D:5      | Bought a potion of curing for 33 gold pieces
  4071 | D:5      | Found a staircase to the Ecumenical Temple.
  4090 | D:5      | Reached XP level 8. HP: 62/84 MP: 8/8
  4105 | Temple   | Found a transporter.
  4105 | Temple   | Found a transporter.
  4105 | Temple   | Found a transporter.
  4105 | Temple   | Found a transporter.
  4105 | Temple   | Entered the Ecumenical Temple
  4118 | Temple   | Became a worshipper of Qazlal Stormbringer
  4614 | D:6      | Found a runed translucent door.
  4615 | D:6      | Noticed shadowrider38's ghost (novice NaSh)
  4654 | D:6      | Found a runed translucent door.
  4657 | D:6      | Found a sand-covered staircase.
  4695 | Ossuary  | Entered an ossuary
  4772 | Ossuary  | Reached * piety under Qazlal
  4877 | Ossuary  | Reached XP level 9. HP: 68/96 MP: 9/9
  4962 | D:6      | Found a snail-covered altar of Cheibriados.
  5035 | D:6      | Reached skill level 10 in Maces & Flails
  5727 | D:7      | Reached ** piety under Qazlal
  5856 | D:7      | Noticed Menkaure
  5860 | D:7      | Killed Menkaure
  5915 | D:7      | Found an opulent altar of Gozag.
  6370 | D:7      | Identified the +4 shortbow of the Hammering Madman {freeze,
                  | ^Contam Will+ SInv}
  6765 | D:8      | Reached skill level 10 in Fighting
  6875 | D:8      | Reached XP level 10. HP: 100/111 MP: 8/10
  6987 | D:8      | Reached *** piety under Qazlal
  7437 | D:8      | Found a staircase to the Lair.
  7476 | D:8      | Noticed Psyche
  7510 | D:8      | Killed Psyche
  7595 | D:8      | Identified the +5 sling of Waonlaw {freeze, rPois}
  7614 | D:8      | Noticed Pikel
  7631 | D:8      | Paralysed by a hornet for 1 turns
  7649 | D:8      | Killed Pikel
  7743 | D:8      | Found Horhaipp's Humungous Hoard.
  7743 | D:8      | Noticed Grum
  7774 | D:8      | Killed Grum
  7869 | D:8      | Bought a potion of haste for 130 gold pieces
  7869 | D:8      | Bought a potion of heal wounds for 65 gold pieces
  8024 | D:8      | Noticed Joseph
  8045 | D:8      | Killed Joseph
  8056 | D:8      | Noticed Maggie
  8077 | D:8      | Killed Maggie
  8078 | D:8      | Reached XP level 11. HP: 104/123 MP: 11/11
  8445 | D:9      | Noticed a two-headed ogre
  8842 | D:9      | Noticed Maurice
  8865 | D:9      | Something stole 86 stones
  8883 | D:9      | Something stole the +5 sling of Waonlaw {freeze, rPois}
  8884 | D:9      | Killed Maurice
  8962 | D:9      | Found a broken altar of Ashenzari.
  8962 | D:9      | Found a bloodstained altar of Trog.
  8964 | D:9      | Found a shimmering altar of Xom.
  8973 | D:9      | Found a hazy altar of Hepliaklqana.
  9041 | D:9      | Reached **** piety under Qazlal
  9366 | D:9      | Killed a two-headed ogre
  9470 | D:10     | Entered Level 10 of the Dungeon
  9520 | D:10     | Found a shadowy altar of Dithmenos.
  9898 | D:10     | Found a runed translucent gate.
  9898 | D:10     | Noticed SpyderV's ghost (journeyman GrEE)
  9899 | D:10     | Found a runed translucent gate.
  9900 | D:10     | Found a runed translucent gate.
  9925 | D:10     | Noticed a cyclops
  9945 | D:10     | Killed a cyclops
  9946 | D:10     | Reached skill level 1 in Throwing
  9946 | D:10     | Reached skill level 1 in Invocations
 10027 | D:10     | Identified the +5 ring mail "Yguhem" {rC+}
 10322 | Lair:1   | Entered Level 1 of the Lair of Beasts
 10346 | Lair:1   | Reached skill level 2 in Invocations
 10373 | Lair:1   | Found the +2 pair of slick slippers {slick, slippery, EV+4}
 10454 | Lair:1   | Reached skill level 3 in Invocations
 10473 | Lair:1   | Reached skill level 4 in Invocations
 10539 | Lair:1   | Reached skill level 5 in Invocations
 10539 | Lair:1   | Reached XP level 12. HP: 128/136 MP: 15/15
 10676 | Lair:1   | Reached skill level 5 in Throwing
 10840 | Lair:1   | Reached ***** piety under Qazlal
 11161 | Lair:2   | Found a staircase to the Shoals.
 11174 | Lair:1   | Reached skill level 15 in Maces & Flails
 11250 | Lair:2   | Noticed a catoblepas
 11299 | Lair:2   | Noticed a skyshark
 11310 | Lair:2   | Killed a skyshark
 11396 | Lair:2   | Noticed a five-headed hydra
 11403 | Lair:2   | Killed a five-headed hydra
 11496 | Lair:2   | Killed a catoblepas
 11677 | Lair:2   | Identified the +7 whip of the Enchanting Boar {freeze,
                  | rPois Dex+3}
 11824 | Lair:2   | Reached XP level 13. HP: 148/148 MP: 16/16
 11828 | Lair:2   | Found a hole to the Spider Nest.
 12091 | Lair:2   | Reached skill level 15 in Fighting
 12261 | Lair:3   | Found a basalt altar of Yredelemnul.
 13256 | Lair:4   | Reached ****** piety under Qazlal
 13679 | Lair:4   | Found a viscous altar of Jiyva.
 13682 | Lair:4   | Found a staircase to the Slime Pits.
 14307 | Lair:5   | Entered Level 5 of the Lair of Beasts
 14441 | Lair:5   | Reached skill level 1 in Armour
 14441 | Lair:5   | Reached XP level 14. HP: 163/163 MP: 16/18
 14652 | Lair:5   | Reached skill level 6 in Invocations
 15050 | Lair:5   | Identified the +2 halberd of Slimy Integrity {freeze, rN++
                  | Str+2}
 15103 | Lair:5   | Reached skill level 7 in Invocations
 15481 | Lair:5   | Reached skill level 5 in Dodging
 15715 | Lair:5   | Found a corrupted altar of Lugonu.
 15715 | Lair:5   | Found a one-way gate to the infinite horrors of the Abyss.
 16056 | D:3      | Killed Sigmund
 16057 | D:3      | Killed Grinder
 16302 | D:6      | Killed shadowrider38's ghost
 16303 | D:6      | Reached skill level 8 in Invocations
 16460 | D:10     | Killed SpyderV's ghost
 16766 | D:11     | Reached skill level 5 in Armour
 16788 | D:11     | Found Egeorit's Antique Armour Shoppe.
 17548 | D:12     | Found a staircase to the Orcish Mines.
 17623 | D:12     | Reached skill level 9 in Invocations
 17701 | D:12     | Found Qodgh's Book Boutique.
 17964 | D:13     | Reached XP level 15. HP: 131/171 MP: 20/22
 18590 | D:14     | Found a broken altar of Ashenzari.
 18608 | D:14     | Reached skill level 10 in Invocations
 18904 | D:14     | Reached skill level 11 in Invocations
 18997 | D:14     | Reached skill level 12 in Invocations
 19109 | D:14     | Found a glowing golden altar of the Shining One.
 19151 | D:14     | Found a gate to the Vaults.
 19438 | D:15     | Entered Level 15 of the Dungeon
 19558 | D:15     | Reached skill level 13 in Invocations
 19931 | D:15     | Found a runed translucent door.
 19935 | D:15     | Found a corrupted altar of Lugonu.
 19963 | D:15     | Reached skill level 14 in Invocations
 20418 | D:15     | Found a staircase to the Depths.
 20978 | Orc:1    | Entered Level 1 of the Orcish Mines
 20992 | Orc:1    | Reached skill level 15 in Invocations
 21356 | Orc:2    | Entered Level 2 of the Orcish Mines
 21458 | Orc:2    | Found a staircase to the Elven Halls.
 21867 | Orc:2    | Reached XP level 16. HP: 171/180 MP: 27/27
 21870 | Orc:2    | Reached skill level 16 in Invocations
 22075 | Orc:2    | Found Socaulip's Armour Shop.
 22075 | Orc:2    | Found Coliz's Assorted Antiques.
 22077 | Orc:2    | Found Gaagacire's Armour Emporium.
 22079 | Orc:2    | Found Rydakkil's Distillery.
 22084 | Orc:2    | Bought a scroll labelled CUHEOPN XEGRUA for 30 gold pieces
 22084 | Orc:2    | Bought a murky puce potion for 27 gold pieces
 22084 | Orc:2    | Bought a scroll labelled YKHUOW UJAON for 30 gold pieces
 22084 | Orc:2    | Bought a scroll labelled UDGHINO BIOLOCU for 30 gold pieces
 22091 | Orc:2    | Bought a potion of curing for 42 gold pieces
 22091 | Orc:2    | Bought a potion of might for 56 gold pieces
 22091 | Orc:2    | Bought a potion of haste for 140 gold pieces
 22286 | Spider:1 | Entered Level 1 of the Spider Nest
 22594 | Spider:1 | Reached skill level 17 in Invocations
 23057 | Spider:1 | Reached skill level 18 in Invocations
 24184 | Spider:2 | You fall into a shaft and drop 1 floor!
 24444 | Spider:3 | Reached XP level 17. HP: 180/189 MP: 30/30
 25722 | Spider:3 | Found the ring of the Hare {EV+10}
 26694 | Spider:4 | Entered Level 4 of the Spider Nest
 26937 | Spider:4 | Upgraded the game from 0.31.0-7-gf635a9b802 to
                  | 0.31.0-9-g3a7656b989
 27953 | Spider:4 | Noticed an acid blob
 27967 | Spider:4 | Killed an acid blob
 27972 | Spider:4 | Reached skill level 19 in Invocations
 28319 | Spider:4 | Identified the +0 ring mail of Hedonism {rPois Int+5}
 28440 | Spider:4 | Reached XP level 18. HP: 187/202 MP: 1/31
 28664 | Spider:4 | Got a gossamer rune of Zot
 28880 | Shoals:1 | Entered Level 1 of the Shoals
 30089 | Shoals:2 | Found a runed translucent gate.
 30090 | Shoals:2 | Found a runed translucent gate.
 30091 | Shoals:2 | Found a runed translucent gate.
 31338 | Shoals:4 | Entered Level 4 of the Shoals
 31485 | Shoals:4 | Paralysed by an air elemental for 1 turns
 31488 | Shoals:4 | Paralysed by an air elemental for 1 turns
 31670 | Shoals:4 | Paralysed by an air elemental for 1 turns
 31676 | Shoals:4 | Paralysed by an air elemental for 1 turns
 31834 | Shoals:4 | Paralysed by an air elemental for 1 turns
 31837 | Shoals:4 | Paralysed by an air elemental for 1 turns
 32077 | Shoals:4 | Reached skill level 20 in Invocations
 32198 | Shoals:4 | Paralysed by an air elemental for 1 turns
 32242 | Shoals:4 | Reached XP level 19. HP: 157/217 MP: 33/33
 32628 | Shoals:4 | Got a barnacled rune of Zot
 33115 | Vaults:1 | Entered Level 1 of the Vaults
 34797 | Vaults:2 | Reached skill level 1 in Evocations
 34805 | Vaults:2 | Reached skill level 21 in Invocations
 35000 | Vaults:2 | Found a runed translucent door.
 35000 | Vaults:2 | Noticed Moagi's ghost (adept GnSk)
 35089 | Vaults:2 | Reached XP level 20. HP: 147/228 MP: 34/34
 35109 | Vaults:2 | Reached skill level 22 in Invocations
 35439 | Orc:2    | Bought +2 pearl dragon scales for 1842 gold pieces
 35586 | Vaults:2 | Found a staircase to the Crypt.
 36146 | Vaults:2 | Reached skill level 23 in Invocations
 36837 | Vaults:2 | Killed Moagi's ghost
 37661 | Vaults:3 | Found Cusimiu's Assorted Antiques.
 37760 | Vaults:3 | Reached skill level 10 in Throwing
 37852 | Vaults:2 | Reached skill level 24 in Invocations
 37861 | Vaults:2 | Reached XP level 21. HP: 205/236 MP: 37/37
 39366 | Vaults:4 | Found Ceceik Qiff's Antique Weapon Boutique.
 40043 | Vaults:4 | Reached skill level 10 in Armour
 40058 | Vaults:4 | Reached skill level 10 in Dodging
 40328 | Vaults:4 | Identified the +10 scimitar of the Hidden Vale {vamp, Will+
                  | Dex+4 Stlth+}
 40602 | Depths:1 | Entered Level 1 of the Depths
 40602 | Depths:1 | Found a gateway to Hell.
 41026 | Depths:1 | Found an ancient bone altar of Kikubaaqudgha.
 41050 | Depths:1 | Found a flickering gateway to a bazaar.
 41068 | Bazaar   | Entered a bazaar
 41068 | Bazaar   | Found Folysab's Book Shoppe.
 41070 | Bazaar   | Found Toferoul's General Store.
 41095 | Bazaar   | Found Yfuik's Magic Scroll Emporium.
 41103 | Bazaar   | Bought a scroll of fog for 44 gold pieces
 41103 | Bazaar   | Bought a scroll of enchant weapon for 82 gold pieces
 41103 | Bazaar   | Bought a scroll of enchant armour for 82 gold pieces
 41106 | Bazaar   | Found Anledyi's General Store.
 41113 | Bazaar   | Bought a potion of curing for 45 gold pieces
 41138 | Bazaar   | Bought a scroll of silence for 180 gold pieces
 41138 | Bazaar   | Bought a scroll of fog for 76 gold pieces
 41486 | Depths:1 | Found a corrupted altar of Lugonu.
 41571 | Depths:1 | Found a shimmering blue altar of Sif Muna.
 41756 | Depths:2 | Found a transporter.
 41904 | Depths:2 | Found a one-way gate leading to the halls of Pandemonium.
 42070 | Depths:2 | Found a sacrificial altar of Ru.
 42181 | Depths:2 | Found Fuynoany's Jewellery Shoppe.
 42181 | Depths:2 | Found Waxubro's Book Shop.
 42182 | Depths:2 | Found Vemehuos's Book Shop.
 42225 | Depths:2 | Noticed a juggernaut
 42352 | Depths:2 | Reached skill level 25 in Invocations
 42708 | Depths:3 | Reached XP level 22. HP: 247/247 MP: 38/38
 42725 | Depths:3 | Noticed a juggernaut
 42744 | Depths:2 | Killed a juggernaut
 43151 | Depths:3 | Found a white marble altar of Elyvilon.
 43328 | Depths:2 | Noticed a caustic shrike
 43330 | Depths:2 | Noticed a caustic shrike
 43330 | Depths:2 | Noticed a juggernaut
 43463 | Depths:2 | Identified the +3 robe of Qeneh {Regen+}
 43465 | Depths:2 | Found a runed translucent door.
 43831 | Depths:3 | Noticed a golden dragon
 43843 | Depths:3 | Killed a golden dragon
 44314 | Depths:3 | You fall into a shaft and drop 1 floor!
 44314 | Depths:4 | Entered Level 4 of the Depths
 44314 | Depths:4 | Noticed a golden dragon
 44325 | Depths:4 | Killed a golden dragon
 44723 | Depths:2 | Bought the ring of the Turtledove {rN+ Will+ rCorr AC+4
                  | Stlth-} for 1197 gold pieces
 44794 | Depths:4 | Noticed a caustic shrike
 44794 | Depths:4 | Noticed a caustic shrike
 44799 | Depths:4 | Noticed a caustic shrike
 44800 | Depths:4 | Noticed a caustic shrike
 44801 | Depths:4 | Noticed a caustic shrike
 44805 | Depths:3 | Killed a caustic shrike
 44858 | Depths:3 | Killed a caustic shrike
 44863 | Depths:3 | Killed a caustic shrike
 44885 | Depths:3 | Killed a caustic shrike
 44893 | Depths:3 | Killed a caustic shrike
 44929 | Depths:4 | Noticed a caustic shrike
 44929 | Depths:4 | Noticed a caustic shrike
 44930 | Depths:4 | Noticed a caustic shrike
 44931 | Depths:4 | Noticed a caustic shrike
 44936 | Depths:3 | Killed a caustic shrike
 44963 | Depths:3 | Killed a caustic shrike
 44968 | Depths:3 | Killed a caustic shrike
 44970 | Depths:3 | Killed a caustic shrike
 44971 | Depths:3 | Reached skill level 26 in Invocations
 45143 | Depths:4 | Noticed a caustic shrike
 45152 | Depths:4 | Killed a caustic shrike
 45272 | Depths:4 | Found a one-way gateway to a ziggurat.
 45466 | Depths:4 | Found Domnuf's General Store.
 45467 | Depths:4 | Found Kenucir's Specific Store.
 45549 | Depths:4 | Found a gate to the Realm of Zot.
 45655 | Depths:4 | Reached XP level 23. HP: 263/263 MP: 40/40
 46114 | Crypt:1  | Entered Level 1 of the Crypt
 46222 | Crypt:1  | Identified the ring "Cilaoch" {Ice Int+2}
 46222 | Crypt:1  | Noticed Josephina
 46242 | Crypt:1  | Killed Josephina
 46353 | Crypt:1  | Noticed Jory
 46379 | Crypt:1  | Killed Jory
 47215 | Crypt:2  | Identified a scroll of acquirement
 47232 | Crypt:2  | Acquired 785 gold pieces
 47503 | Crypt:2  | Identified the +10 plate armour of Benevolence {rPois
                  | Str+3}
 47895 | Crypt:3  | Entered Level 3 of the Crypt
 48335 | Crypt:3  | Reached skill level 27 in Invocations
 48372 | Crypt:3  | Noticed a dread lich
 48378 | Crypt:3  | Killed a dread lich
 48417 | Crypt:3  | Found an ancient bone altar of Kikubaaqudgha.
 48709 | Crypt:3  | Got the Codex of Profane Secrets
 48717 | Crypt:3  | Identified the ring of Kidefaga {rElec rN+ Will+ Int-2}
 48717 | Crypt:3  | Identified the ring of Teshref {rN+ Str+3}
 48882 | Crypt:3  | Found a staircase to the Tomb.
 49480 | Elf:1    | Entered Level 1 of the Elven Halls
 49604 | Elf:1    | Reached XP level 24. HP: 267/280 MP: 40/40
 50841 | Elf:2    | Found a runed translucent gate.
 50855 | Elf:2    | Found a runed translucent gate.
 50856 | Elf:2    | Found a runed translucent gate.
 51141 | Elf:2    | Reached skill level 15 in Armour
 51188 | Elf:2    | Noticed Asterion
 51201 | Elf:2    | Killed Asterion
 51856 | Elf:3    | Entered Level 3 of the Elven Halls
 52245 | Elf:3    | Noticed Bai Suzhen
 52275 | Elf:3    | Killed Bai Suzhen
 52639 | Elf:3    | Identified the +1 glaive of a Gauntlet {venom, rElec MP-9
                  | Str+3 SInv}
 52662 | Elf:3    | Identified the ring of the Nice Grape {Wiz rElec rPois
                  | Slay+2}
 52682 | Elf:3    | Identified the +10 shadow dragon scales of Seggycw {Regen+
                  | MP-9 Dex+5 Stlth++++}
 52707 | Elf:3    | Identified the dragon-blood talisman "Tirargh" {rN+ Str+8
                  | Dex+3 Stlth-}
 52727 | Elf:3    | Learned a level 2 spell: Blink
 53098 | Vaults:5 | Entered Level 5 of the Vaults
 53162 | Vaults:5 | Reached XP level 25. HP: 264/292 MP: 23/40
 53174 | Vaults:5 | Noticed a dread lich
 53190 | Vaults:5 | Killed a dread lich
 53200 | Vaults:5 | Noticed a dread lich
 53215 | Vaults:5 | Killed a dread lich
 53225 | Vaults:5 | Noticed a dread lich
 53228 | Vaults:5 | Noticed a dread lich
 53234 | Vaults:5 | Killed a dread lich
 53237 | Vaults:5 | Killed a dread lich
 53248 | Vaults:5 | Reached skill level 5 in Spellcasting
 53367 | Vaults:5 | Reached skill level 5 in Translocations
 53504 | Vaults:5 | Noticed a dread lich
 53515 | Vaults:5 | Killed a dread lich
 53519 | Vaults:5 | Identified the +6 arbalest of Arbitration {elec, MP+9}
 53540 | Vaults:5 | Reached skill level 15 in Dodging
 53588 | Vaults:5 | Noticed an ancient lich
 53597 | Vaults:5 | Killed an ancient lich
 53695 | Vaults:5 | Identified the +9 scimitar of Pestilence {flame, rCorr}
 53785 | Vaults:5 | Got a silver rune of Zot
 53786 | Vaults:5 | Identified the blade talisman "Lawnotul" {Str+3}
 53930 | Vaults:5 | Found Dofuexti's Book Shop.
 54042 | Vaults:5 | Learned a level 2 spell: Lesser Beckoning
 54097 | Vaults:5 | Identified the +4 long sword "Lecvaul" {vamp, Will- MP+9
                  | Int+4 Dex+2}
 54098 | Vaults:5 | Found Ariwkor's Assorted Antiques.
 54099 | Vaults:5 | Identified the ring of Xom's Best Wishes {Str+6 Int+3}
 54144 | Vaults:5 | Identified the +9 short sword "Elaneseply" {heavy, Str+2}
 54158 | Vaults:5 | Identified the +7 scale mail of Caluzxyzisu {Harm rPois rF+
                  | Int-2}
 54384 | Vaults:5 | Got the Elucidation of Wildfire
 54967 | Slime:1  | Entered Level 1 of the Pits of Slime
 55303 | Depths:2 | Bought the amulet "Kenaeta" {Regen+ Int+2 Dex+2} for 953
                  | gold pieces
 55388 | Zot:1    | Entered Level 1 of the Realm of Zot
 55493 | Zot:1    | Reached XP level 26. HP: 302/302 MP: 31/40
 55603 | Zot:1    | Reached skill level 15 in Throwing
 55694 | Zot:1    | You fall into a shaft and drop 1 floor!
 55732 | Zot:1    | Identified the scarf of Niaben Dofao {+Inv, MP+9}
 56489 | Vaults:3 | Bought a potion of curing for 75 gold pieces
 56489 | Vaults:3 | Bought a potion of curing for 75 gold pieces
 56489 | Vaults:3 | Bought a potion of curing for 75 gold pieces
 56489 | Vaults:3 | Bought a scroll of enchant armour for 187 gold pieces
 57564 | Orc:2    | Bought a potion of magic for 112 gold pieces
 57564 | Orc:2    | Bought a potion of magic for 112 gold pieces
 57564 | Orc:2    | Bought a potion of magic for 112 gold pieces
 57564 | Orc:2    | Bought a potion of ambrosia for 112 gold pieces
 57752 | D:5      | Bought 2 potions of resistance for 220 gold pieces
 58624 | Zot:2    | Gained mutation: You are frail. (-10% HP) [mutagenic glow]
 58648 | Zot:2    | Gained mutation: You are vulnerable to cold. (rC-)
                  | [mutagenic glow]
 58889 | Depths:2 | Bought a book of Geomancy for 630 gold pieces
 58893 | Depths:2 | Learned a level 3 spell: Passwall
 58893 | Depths:2 | Bought a book of the Warp for 882 gold pieces
 58898 | Depths:2 | Learned a level 4 spell: Manifold Assault
 59000 | Zot:2    | Noticed Vv
 59064 | Zot:2    | Killed Vv
 59347 | Zot:2    | Noticed Parghit
 59365 | Zot:2    | Killed Parghit
 59466 | Zot:2    | Found the +4 dragonskin cloak
 59466 | Zot:2    | Noticed Tiamat
 59588 | Zot:1    | Killed Tiamat
 60908 | Zot:2    | Identified the +0 plate armour of Absolutism {rC- Int+9
                  | Slay+6}
 61239 | Zot:3    | Reached skill level 10 in Spellcasting
 61239 | Zot:3    | Reached skill level 10 in Translocations
 61978 | Zot:4    | Noticed a Killer Klown
 61985 | Zot:4    | Killed a Killer Klown
 61986 | Zot:4    | Reached XP level 27. HP: 277/280 MP: 13/40
 62303 | Zot:4    | Reached skill level 5 in Earth Magic
 62830 | Hell     | Entered the Vestibule of Hell
 62830 | Hell     | Noticed Geryon
 62831 | Hell     | Noticed Murray
 62861 | Depths:4 | Killed Murray
 62953 | Zot:5    | Entered Level 5 of the Realm of Zot
 63977 | Zot:5    | Noticed an orb of fire
 64002 | Zot:5    | Killed an orb of fire
 64276 | Zot:5    | Noticed an orb of fire
 64282 | Zot:5    | Gained mutation: Your body sometimes deteriorates upon
                  | taking damage. [an orb of fire]
 64288 | Zot:5    | Killed an orb of fire
 64583 | Zot:5    | Noticed a dread lich
 64594 | Zot:5    | Killed a dread lich
 64606 | Zot:5    | Noticed a dread lich
 64608 | Zot:5    | Paralysed by a dread lich for 2 turns
 64611 | Zot:5    | Killed a dread lich
 64862 | Zot:5    | Reached skill level 10 in Earth Magic
 65227 | Zig:1    | Entered Level 1 of a ziggurat
 65246 | Zig:2    | Entered Level 2 of a ziggurat
 65267 | Zig:3    | Entered Level 3 of a ziggurat
 65277 | Zig:3    | Identified the +10 scimitar of Vileock {venom, *Corrode Fly
                  | Dex+5}
 65329 | Zig:4    | Entered Level 4 of a ziggurat
 65331 | Zig:4    | Noticed an ancient lich
 65336 | Zig:4    | Killed an ancient lich
 65337 | Zig:4    | Found the +9 scales of the Dragon King {rPois rF+ rC+
                  | Will+}
 65409 | Zig:5    | Entered Level 5 of a ziggurat
 65438 | Zig:6    | Entered Level 6 of a ziggurat
 65462 | Zig:6    | Identified the amulet "Yplefaf" {RegenMP rElec Regen+}
 65565 | Zig:7    | Entered Level 7 of a ziggurat
 65632 | Zig:7    | Identified the +10 rapier "Sewnajap" {speed, rN+ Dex+4
                  | SInv}
 65650 | Zig:8    | Entered Level 8 of a ziggurat
 65698 | Zig:8    | Identified the amulet "Ekofinul" {Acrobat Slay+3}
 65726 | Zig:8    | Learned a level 4 spell: Passage of Golubria
 65733 | Zig:8    | Learned a level 6 spell: Dispersal
 65809 | Zig:9    | Entered Level 9 of a ziggurat
 65875 | Zig:9    | Identified the staff "Ypnuntez" {rC+ rCorr Ice}
 65954 | Zig:10   | Entered Level 10 of a ziggurat
 66179 | Zot:5    | Got the Orb of Zot
 66235 | Zot:2    | Noticed Rokk the pandemonium lord
 66506 | D:15     | Noticed Rata the pandemonium lord
 66533 | D:13     | Reached skill level 15 in Translocations
 66749 | D:$      | Escaped with the Orb!

Illustrated notes

Levels and vault maps discovered:
D:1:      amcnicky_arrival_choice, layout_rooms
D:2:      layout_rooms, hellmonk_ecumenical_altar_blasted
D:3:      layout_rooms, minmay_misc_feat_encased, uniq_grinder, uniq_sigmund
D:4:      layout_basic, mainiacjoe_overflow_catwalk_spiral
D:5:      layout_loops_ring, minmay_temple_entry_gardened_gates,
          serial_co_window_serial, co_window_cross_1, co_window_paths_a,
          co_window_corner_a, co_window_corner_a, co_window_paths_a,
          co_window_paths_a, co_window_paths_a, co_window_unsneaky_path_c,
          co_window_broadway_a, co_window_corner_ca, co_window_corner_ca,
          co_window_2corner, co_window_corner_b, serial_shops,
          nicolae_shop_back_alley_shop, shop
D:6:      layout_loops_ring, slow_altar_2, chequers_ossuary_entry_cave,
          ebering_ghost_sewer_f, minmay_bent
D:7:      layout_basic, grunt_gozag_statues, uniq_menkaure
D:8:      layout_basic, erik_lair_orcish_takeover, mrwooster_statue_mirror,
          dreamdust_mushroom_princess, grunt_ministairs_1, minivault_10,
          kennysheep_nondescript, nicolae_alphabet_shops, uniq_grum, uniq_pikel,
          uniq_psyche, uniq_joseph, uniq_maggie
D:9:      layout_irregular_city, nicolae_overflow_quartered_altars, uniq_maurice
D:10:     layout_roguey, grunt_dithmenos_smoke, biasface_ghost_orc_armoury
D:11:     layout_basic, serial_shops, nicolae_diamond_shop,
          hangedman_decor_peaks_small
D:12:     layout_rooms, minmay_orc_entry_temple_small, serial_shops, shop
D:13:     layout_layer_cave
D:14:     layout_loops_ring, grunt_vaults_entry_tiered,
          nicolae_tso_swordbearing_angel, nicolae_ashenzari_panopticon
D:15:     grunt_enter_depths_magical_seal, layout_long_grid, dk_noncrumbling_2,
          amcnicky_mini_pool_small, nicolae_danse_macabre
Temple:   hellmonk_temple_divided_pantheon
Lair:1:   layout_misc_corridors, special_room [special_room_bee],
          grunt_megastairs_2
Lair:2:   nzn_winding_woodlands_small [nzn_winding_woodlands_5x15_zeroes,
          nzn_winding_woodlands_center_lodge, nzn_winding_woodlands_5x15_cabin],
          layout_gridlike, shoals_dummy_entry, spider_nest_entry_a,
          serial_bayou_shore_b, lemuel_fruit_tree, grunt_megastairs_4
Lair:3:   layout_roguey, basic_altar, lemuel_fruit_fields,
          infiniplex_staircase_pool_2, grunt_megastairs_5
Lair:4:   layout_cave_pods, slime_entry_1, grunt_megastairs_1,
          serial_bayou_shore_a
Lair:5:   hellmonk_lair_end_abyssal_woods, layout_cave_shapes
Shoals:1: layout_shoals, nicolae_shoals_cliffside_cave, nicolae_shoals_shepherds
Shoals:2: layout_shoals, nicolae_shoals_beach_cooler
Shoals:3: layout_shoals
Shoals:4: shoals_end_hellmonk_storm_palace [storm_palace_center_circular,
          storm_palace_corner_grid, storm_palace_corner_pillars,
          storm_palace_corner_grid, storm_palace_corner_narrow]
Spider:1: layout_spider_delve, nicolae_spider_webbed_stairs
Spider:2: layout_spider_delve
Spider:3: spiders_nest_a, portal_ice_cave_entry_pillars_1, drop_trap,
          hangedman_spider_tarantella_strand
Spider:4: spider_rune_water, nicolae_spider_acid_house
Slime:1:  layout_caves, cheibrodos_slime_lost_civilization_6
Orc:1:    layout_caves
Orc:2:    st_orc_rangers, layout_diamond_mine, basic_altar,
          nicolae_orc_sculptors_studio
Elf:1:    layout_onion_city, hangedman_elven_crosses_minicolossus
Elf:2:    elven_hall_of_blades_hangedman_original
          [nicolae_blade_entry_antechamber], layout_rooms, uniq_asterion
Elf:3:    minmay_elf_hall_circle, layout_loops_cross, uniq_bai_suzhen
Vaults:1: nicolae_vaults_tetromino_L_1, nicolae_vaults_network_periphery,
          nicolae_vaults_wrenched, nicolae_vaults_double_plus_1,
          nicolae_vaults_sesquioval_fish, nicolae_vaults_mini_display_case,
          layout_vaults_omnigrid
Vaults:2: hellmonk_ghost_happy_afterlife, nicolae_vaults_network_quincunx
          [nicolae_vaults_network_quincunx_subvault,
          nicolae_vaults_network_quincunx_subvault,
          nicolae_vaults_network_quincunx_subvault,
          nicolae_vaults_network_quincunx_subvault,
          nicolae_vaults_network_quincunx_subvault],
          nicolae_vaults_storage_closets_2, vaults_mumra_hexcomb,
          hangedman_vaults_maws, minmay_crypt_entry_simple_sparse,
          dpeg_vaults_pockets_of_resistance, nicolae_vaults_tetromino_L_2,
          nicolae_vaults_double_plus_1, nicolae_vaults_more_shelving_2,
          nicolae_vaults_tangram_1, ontoclasm_vaults_claustrophobia,
          serial_library_hellmonk_semicircle, hangedman_vaults_locks,
          layout_vaults_omnibox, uniq_margery
Vaults:3: ontoclasm_vaults_ring_square, nicolae_vaults_closet_pinwheel_1,
          ontoclasm_vaults_tryst, vaults_dpeg_emergency_exit,
          nicolae_vaults_off_center_swirl, nicolae_vaults_what_the_h,
          grunt_vaults_swirl, v_misc_19, hangedman_vaults_pinch,
          layout_vaults_big_room, serial_shops, nicolae_square_shop
Vaults:4: grunt_vaults_twisty, ontoclasm_vaults_bender, vaults_dpeg_cross,
          v_misc_31, v_misc_12, nicolae_vaults_halls_meeting,
          nicolae_vaults_closet_pinwheel_2, nicolae_vaults_tetromino_Z_2,
          nicolae_vaults_closet_pinwheel_6, ontoclasm_vaults_twist,
          layout_vaults_ring, serial_shops, nicolae_shop_peninsula
Vaults:5: serial_shops
Crypt:1:  layout_misc_corridors, grunt_crypt_arrival_split, uniq_josephina,
          uniq_jory
Crypt:2:  layout_chaotic_city, feat_on_display
Crypt:3:  cryptofortress_bobbens
Depths:1: layout_big_octagon, abyss_entry_flame_altar, lemuel_blue_sif_altar,
          serial_shops, bzr_entry_water, hell_entry, kiku_gazebo_pond_becter,
          roderic_lattice_octagonal_star
Depths:2: emtedronai_trogs_sanctum, layout_twisted_cross, hell_entry,
          rand_demon_pan_entry_7, nicolae_ru_the_path_less_chosen,
          minmay_st_funbox, minmay_shop_grove, infiniplex_staircase_door_maze
Depths:3: minmay_the_grid_4x2 [minmay_the_grid_odd_star,
          minmay_the_grid_plusring, minmay_the_grid_slots,
          minmay_the_grid_dragon_b, minmay_the_grid_aliased_spiral,
          minmay_the_grid_expand, minmay_the_grid_minigrid_large,
          minmay_the_grid_prize_four_corners], layout_cave_shapes, hell_entry,
          abyss_entry, nicolae_elyvilon_peaceful_grove
Depths:4: evilmike_zot_entry_diamond, layout_honeycomb, enter_ziggurat_b,
          hell_entry, hangedman_abyss_entry_splay, nicolae_specific_store,
          hangedman_decor_opposing
Hell
Zot:1:    layout_concentric_octagons, guppyfry_library_mini
Zot:2:    layout_gridlike, hangedman_zot_wheel_spokes, st_stairs_3, uniq_tiamat,
          uniq_parghit, uniq_vv
Zot:3:    kennysheep_oblong_rooms, layout_misc_corridors
Zot:4:    layout_twisted_circle, hangedman_zot_diagonal_lockstep
Zot:5:    layout_twisted_circle

Skill      XL: |  1  2  3  4  5  6  7  8  9 10 11 12 13 14 15 16 17 18 19 20 21 22 23 24 25 26 27 |
---------------+----------------------------------------------------------------------------------+-----
Maces & Flails | 3 4 5 6 8 9 11 13 14 16 18 19 21 22 | 22.0
Fighting       | 5 6 8 10 12 13 14 16 17 19 20 22 23 24 25 26 | 26.0
Throwing       | 4 7 8 9 10 13 14 15 | 15.4
Invocations    | 5 9 15 18 19 20 21 24 25 26 27 | 27.0
Dodging        | 3 6 7 8 9 10 12 16 | 16.5
Armour         | 1 5 6 8 9 11 13 14 15 | 15.5
Evocations     | 2 |  2.0
Spellcasting   | 3 6 10 11 | 11.8
Translocations | 3 7 11 15 | 15.0
Earth Magic    | 3 11 | 11.0
Shields        | |  2.6

Action                     |  1- 3 |  4- 6 |  7- 9 | 10-12 | 13-15 | 16-18 | 19-21 | 22-24 | 25-27 || total
---------------------------+-------+-------+-------+-------+-------+-------+-------+-------+-------++-------
  Melee: Flail             |    86 |   140 |   314 |   565 |       |       |       |       |       ||  1105
         Headbutt          |     7 |    29 |    64 |   112 |   211 |   230 |   304 |   314 |   385 ||  1656
         Giant club        |       |       |    98 |    93 |       |       |       |       |       ||   191
         Whip              |       |       |       |    16 |   349 |       |       |       |       ||   365
         Giant spiked club |       |       |       |       |   676 |  1123 |  1067 |  1367 |  1622 ||  5855
  Throw: Dart              |     4 |       |       |       |       |     9 |     2 |       |       ||    15
         Stone             |     4 |       |       |       |       |       |       |       |       ||     4
         Boomerang         |       |     4 |     9 |    11 |     1 |    11 |    18 |    13 |    57 ||   124
         Large rock        |       |       |       |       |     2 |       |       |     3 |    44 ||    49
         Javelin           |       |       |       |       |       |       |       |     2 |     3 ||     5
   Cast: Manifold Assault  |       |       |       |       |       |       |       |       |   156 ||   156
         Lesser Beckoning  |       |       |       |       |       |       |       |       |     2 ||     2
 Invoke: Elemental Force   |       |       |       |       |       |     2 |     4 |     1 |     1 ||     8
         Upheaval          |       |       |       |       |       |     1 |     2 |     2 |     4 ||     9
         Disaster Area     |       |       |       |       |       |       |       |     2 |       ||     2
  Evoke: Wand              |       |       |       |       |       |     3 |       |     1 |     2 ||     6
    Use: Potion            |       |     1 |       |       |     1 |    14 |     1 |    18 |    14 ||    49
         Scroll            |       |       |       |    12 |    11 |    17 |     1 |     3 |    27 ||    71
   Stab: Sleeping          |       |       |     1 |       |       |       |       |       |       ||     1
         Paralysed         |       |       |       |       |       |     2 |     2 |       |       ||     4
         Invisible         |       |       |       |       |       |     2 |       |       |     5 ||     7
         Distracted        |       |       |       |       |       |       |     1 |       |     1 ||     2
 Armour: Robe              |    60 |    99 |   251 |   112 |       |       |       |       |       ||   522
         Animal skin       |       |       |       |    13 |       |       |       |       |       ||    13
         Swamp dragon scal |       |       |       |   277 |   727 |  1125 |   163 |       |       ||  2292
         Acid dragon scale |       |       |       |       |       |    35 |       |       |       ||    35
         Pearl dragon scal |       |       |       |       |       |       |   469 |   898 |       ||  1367
         Shadow dragon sca |       |       |       |       |       |       |       |    29 |   283 ||   312
         Gold dragon scale |       |       |       |       |       |       |       |       |   693 ||   693
  Dodge: Dodged            |    33 |    45 |    99 |   159 |   307 |   916 |   695 |   877 |   838 ||  3969
         Repelled          |       |       |       |       |     5 |    14 |    13 |    39 |    33 ||   104
  Block: Kite shield       |    32 |    55 |   107 |   328 |   162 |       |       |       |       ||   684
         Other             |       |       |    11 |     7 |   207 |   420 |   260 |   320 |   312 ||  1537
